 Dungeon Crawl Stone Soup version 0.23.2-1-ga50397a (webtiles) character file.

Game seed: 3235638587947024461

46 Borgoz the Chopper (level 3, -8/22 HPs)
             Began as a Gargoyle Gladiator on May 14, 2019.
             Mangled by a gnoll
             ... wielding a +0 flail
              (11 damage)
             ... on level 2 of the Dungeon.
             The game lasted 00:01:03 (891 turns).

Borgoz the Chopper (Gargoyle Gladiator)              Turns: 891, Time: 00:01:04

Health: -8/22      AC:  7    Str: 17    XL:     3   Next: 66%
Magic:  3/3        EV: 18    Int:  8    God:
Gold:   83         SH:  0    Dex: 17    Spells: 2/2 levels left

rFire    . . .     SeeInvis .   a - +0 war axe
rCold    . . .     Gourm    .   (no shield)
rNeg     + . .     Faith    .   b - +0 leather armour
rPois    ∞         Spirit   .   c - +0 helmet
rElec    +         Reflect  .   (no cloak)
rCorr    .         Harm     .   (no gloves)
MR       .....                  (no boots)
Stlth    ++........             (no amulet)
HPRegen  0.07/turn              (no ring)
MPRegen  0.08/turn              (no ring)

@: agile
A: negative energy resistance 1, electricity resistance, unbreathing,
petrification resistance, rot immunity, AC +3
a: no special abilities


You were on level 2 of the Dungeon.
You were not hungry.

You visited 1 branch of the dungeon, and saw 2 of its levels.

You collected 83 gold pieces.

Inventory:

Hand Weapons
 a - a +0 war axe (weapon)
Missiles
 d - 3 throwing nets (quivered)
Armour
 b - a +0 leather armour (worn)
 c - a +0 helmet (worn)
Scrolls
 h - a scroll of fog {unknown}
 i - 4 scrolls of blinking {unknown}
 m - a scroll of enchant weapon {unknown}
 o - 2 scrolls of remove curse {unknown}
 r - a scroll of magic mapping {unknown}
Potions
 j - 2 potions of mutation {unknown}
 k - 2 potions of flight {unknown}
 l - a potion of degeneration {unknown}
 n - a potion of haste {unknown}
 p - a potion of lignification {unknown}
 q - a potion of heal wounds {unknown}
Comestibles
 f - 5 rations
 g - 8 chunks of flesh


   Skills:
 + Level 2.6 Fighting
 * Level 3.2 Axes
 - Level 1.7 Throwing
 + Level 1.2 Armour
 * Level 2.9 Dodging


You had 2 spell levels left.
You didn't know any spells.
Your spell library was empty.

Dungeon Overview and Level Annotations

Branches:
Dungeon (2/15)

Altars:


Innate Abilities, Weirdness & Mutations

You are resistant to torment.
Your stone body is resilient. (AC +3)
You are immune to poison.
You resist negative energy. (rN+)
You are resistant to electric shocks. (rElec)
You can survive without breathing.
You are immune to petrification.
You are immune to rotting.


Message History

The gnoll shouts!
A gnoll comes into view. It is wielding a +0 halberd.
Found a chain mail.
There are monsters nearby!
The gnoll shouts!
You hear a shout!
There are monsters nearby!
The gnoll hits you with a +0 flail.
A gnoll comes into view. It is wielding a +0 spear.
You barely miss the gnoll. The gnoll barely misses you.
The gnoll hits you from afar with a +0 halberd!
Ouch! That really hurt!
* * * LOW HITPOINT WARNING * * *
You are too injured to fight recklessly!
You are too injured to fight recklessly!
You are too injured to fight recklessly!
It was a potion of agility.
You feel agile all of a sudden. The gnoll hits you with a +0 flail!
Ouch! That really hurt!
You die...

### ### #.. #.. #[..
########.. ...
.......... .. ..g
########.. ## #g###
#### # #..g## #...
#@.######## ##.##
##.##.<...# ##..## .
#..#.....###..#.. ..
##.......##..##.#
#### ..
.#####......##.###.#
.#. #.##
..###.........###.#
.. ..#
#.....#...........#
.# #.#
#.##.......###....#
.########.###
#..#.......# #....#


You could see 3 gnolls.

Vanquished Creatures
  An adder (D:2)
  An ooze (D:2)
  A leopard gecko (D:2)
  7 bats (D:1)
  6 giant cockroaches
  4 goblins
  3 hobgoblins
  A frilled lizard (D:1)
  A kobold (D:2)
  3 rats
28 creatures vanquished.

Notes
Turn   | Place    | Note
-------+----------+-------------------------------------------
     0 | D:1      | Borgoz the Gargoyle Gladiator began the quest for the Orb.
     0 | D:1      | Reached XP level 1. HP: 12/12 MP: 1/1
   193 | D:1      | Reached XP level 2. HP: 16/18 MP: 2/2
   467 | D:1      | Reached skill level 3 in Axes
   707 | D:2      | Reached XP level 3. HP: 22/22 MP: 3/3
   722 | D:2      | Reached skill level 1 in Armour
   891 | D:2      | Mangled by a gnoll

Skill      XL: |  1  2  3 |
---------------+----------+-----
Axes           | 3 |  3.2
Armour         | 1 |  1.2
Fighting       | |  2.6
Throwing       | |  1.7
Dodging        | |  2.9

Action                   || total
-------------------------++-------
Melee: War axe           ||   101
  Use: Potion            ||     1
Armor: Leather armour    ||    57
Dodge: Dodged            ||    98
